 Dungeon Crawl Stone Soup version 0.27.1-34-g3ba077fa99 (webtiles) character file.

Game seed: 12526883101234619311

2 cbfl8 the Sneak (level 1, -5/20 HPs)
             Began as a Minotaur Delver on Jan 20, 2022.
             Was an Initiate of Yredelemnul.
             Slain by an iguana (12 damage)
             ... on level 5 of the Dungeon.
             The game lasted 00:00:50 (367 turns).

cbfl8 the Sneak (Minotaur Delver)                    Turns: 367, Time: 00:00:52

Health: -5/20      AC:  3    Str: 16    XL:     1   Next: 25%
Magic:  0/0        EV: 11    Int:  7    God:    Yredelemnul [......]
Gold:   0          SH:  0    Dex: 11    Spells: 0/0 levels left

rFire    . . .     SeeInvis .   a - +0 hand axe
rCold    . . .     Faith    .   (no shield)
rNeg     . . .     Spirit   .   b - +0 leather armour
rPois    .         Reflect  .   (helmet restricted)
rElec    .         Harm     .   (no cloak)
rCorr    .         Rampage  .   (no gloves)
Will     .....                  (no boots)
Stlth    ++........             (no amulet)
HPRegen  0.06/turn              (no ring)
MPRegen  0.07/turn              (no ring)

@: no status effects
A: horns 2, retaliatory headbutt
a: Renounce Religion


You were on level 5 of the Dungeon.
You worshipped Yredelemnul.
Yredelemnul was noncommittal.
You visited 2 branches of the dungeon, and saw 2 of its levels.

Inventory:

Hand Weapons
 a - a +0 hand axe (weapon)
Armour
 b - a +0 leather armour (worn)
Wands
 g - a wand of digging (3)
Scrolls
 c - a scroll of fog
 e - a scroll of fear
Potions
 f - a potion of haste


   Skills:
 + Level 3.6 Fighting
 + Level 2.4 Axes
 + Level 2.2 Dodging
 + Level 4.1 Stealth


You couldn't memorise any spells.
You didn't know any spells.
Your spell library was empty.

Dungeon Overview and Level Annotations

Branches:
Dungeon (5/15)             Temple (1/1) D:5

Altars:
Elyvilon
Fedhas
Gozag
Hepliaklqana
Makhleb
Nemelex Xobeh
Okawaru
Qazlal
Ru
Uskayaw
Vehumet
Wu Jian
Xom
Yredelemnul


Innate Abilities, Weirdness & Mutations

You have a pair of horns on your head.
You reflexively headbutt those who attack you in melee.


Message History

There is a staircase to the Ecumenical Temple here.
You closely miss the orc. The orc hits you with a +0 flail.
You hit the orc. You headbutt the orc.
The orc is almost dead.
The orc closely misses you.
You closely miss the orc. You headbutt the orc.
You kill the orc!
Yredelemnul accepts your kill.
Found 16 arrows.
A centaur skeleton comes into view.
Found 17 gold pieces.
Found a thick smoking staff.
An iguana comes into view.
The centaur skeleton hits you. The centaur skeleton kicks you.
Found a ring mail.
The centaur skeleton hits you but does no damage.
The centaur skeleton kicks you but does no damage.
The centaur skeleton barely misses you. You furiously retaliate!
You headbutt the centaur skeleton, but do no damage.
The centaur skeleton kicks you but does no damage.
The iguana hisses angrily.
The iguana hisses menacingly.
A black bear comes into view.
Found a stone staircase leading up.
The centaur skeleton hits you.
The centaur skeleton kicks you but does no damage.
Found 2 murky white potions.
Found an escape hatch in the floor.
The black bear growls angrily.
You hear an angry hiss.
The centaur skeleton hits you.
The centaur skeleton kicks you but does no damage.
An adder comes into view.
The adder moves out of view.
You hit the black bear.
The black bear is lightly wounded.
You hit the iguana. You hit the centaur skeleton.
The centaur skeleton barely misses you. The centaur skeleton kicks you.
The iguana bites you!
Ouch! That really hurt!
You die...
Your body rises from the dead as a mindless zombie.

,,,,,,,,,,,,,,,,,**,,,,,,,,,,,**,
,*******,...............,,,,,,**,
** *,...............,,,,****,
*,...............,,,,* **
*,...............,,,,* *
*,.>..<..........,,,,* *
*,...............,,,,* *
*****####...h.......,,,,*
*,,,,.[.....@#*,,,,,,,,,*
*,,,,......Zl#*,,,,,,,,,*
*,,,,........################
*,,,,......|..........##.....
*,,,,.................##.....
*,,,,.................##...$.
*,,,,....##$.......##.##.##.#
*,,,,....##........#.........
*,,,,.........(..............


You could see a black bear, an iguana and a centaur skeleton.

Vanquished Creatures
  An orc (D:5)
1 creature vanquished.

Notes
Turn   | Place    | Note
-------+----------+-------------------------------------------
     0 | D:5      | cbfl8 the Minotaur Delver began the quest for the Orb.
     0 | D:5      | Reached XP level 1. HP: 19/19 MP: 0/0
    12 | D:5      | Noticed an ice beast
    44 | D:5      | Found a staircase to the Ecumenical Temple.
    49 | D:5      | Noticed an orc wizard
    53 | Temple   | Entered the Ecumenical Temple
   323 | Temple   | Became a worshipper of Yredelemnul the Dark
   358 | D:5      | Noticed an iguana
   362 | D:5      | Noticed a black bear
   367 | D:5      | Slain by an iguana

Illustrated notes

Levels and vault maps discovered:
D:5:      layout_basic, minmay_temple_entry_large_hall
Temple:   dpeg_chambers_temple

Action                   || total
-------------------------++-------
Melee: Hand axe          ||     4
       Headbutt          ||     2
  Use: Scroll            ||     1
Armor: Leather armour    ||     5
Dodge: Dodged            ||     5
